 Dungeon Crawl Stone Soup version 0.26-a0-844-g3dd439832f (webtiles) character file.

Game seed: 11118869338344508362

22 jestyr24 the Caller (level 3, -1/24 HPs)
             Began as a Human Summoner on Nov 18, 2020.
             Slain by a worker ant (5 damage)
             ... on level 2 of the Dungeon.
             The game lasted 00:11:53 (1480 turns).

jestyr24 the Caller (Human Summoner)                Turns: 1480, Time: 00:11:54

Health: -1/24      AC:  3    Str:  8    XL:     3   Next: 7%
Magic:  5/6        EV: 12    Int: 16    God:
Gold:   94         SH:  0    Dex: 13    Spells: 3/6 levels left

rFire    . . .     SeeInvis .   d - +0 short sword
rCold    . . .     Faith    .   (no shield)
rNeg     . . .     Spirit   .   a - +0 robe
rPois    .         Reflect  .   e - +0 helmet
rElec    .         Harm     .   (no cloak)
rCorr    .         Rampage  .   (no gloves)
MR       .....                  (no boots)
Stlth    ++........             (no amulet)
HPRegen  0.08/turn              (no ring)
MPRegen  0.10/turn              (no ring)

@: lethally poisoned (-1 -> -8)
A: no striking features
a: no special abilities


You were on level 2 of the Dungeon.
You visited 1 branch of the dungeon, and saw 2 of its levels.

You collected 94 gold pieces.

Inventory:

Hand Weapons
 d - a +0 short sword (weapon)
 i - a +2 hand axe of electrocution
Missiles
 g - 8 poisoned darts (quivered)
Armour
 a - a +0 robe (worn)
 e - a +0 helmet (worn)
 f - a +0 leather armour
Scrolls
 b - a scroll of fog {unknown}
 c - a scroll of identify {unknown}
Potions
 h - 2 potions of haste {unknown}


   Skills:
 + Level 2.1 Dodging
 + Level 2.0 Stealth
 + Level 2.2 Spellcasting
 + Level 4.6 Summonings


You had 3 spell levels left.
You knew the following spells:

 Your Spells              Type           Power        Failure   Level
a - Summon Small Mammal   Summ           ###.         3%          1
b - Call Imp              Summ           ###.....     4%          2

Your spell library contained the following spells:

 Spells                   Type           Power        Failure   Level
 Call Canine Familiar     Summ           ###.....     9%          3
 Summon Guardian Golem    Hex/Summ       #.......     24%         3
 Summon Ice Beast         Ice/Summ       #.......     61%         4
 Summon Lightning Spire   Summ/Air       #.......     61%         4


Dungeon Overview and Level Annotations

Branches:
Dungeon (2/15)

Altars:


Message History

The worker ant bites you.
You hit the worker ant.
The worker ant is moderately wounded.
Your rat bites the worker ant but does no damage.
The worker ant bites you.
You hit the worker ant.
The worker ant is heavily wounded.
The worker ant bites you.
* * * LOW HITPOINT WARNING * * *
You are lethally poisoned!
The worker ant poisons you!
Your rat bites the worker ant but does no damage.
The worker ant closely misses you.
Your rat barely misses the worker ant.
* * * LOW HITPOINT WARNING * * *
You feel sick.
Your rat barely misses the worker ant.
Casting: Summon Small Mammal (safe; 3% risk of failure)
Confirm with . or Enter, or press ? or * to list all spells.
* * * LOW HITPOINT WARNING * * *
You feel sick. The worker ant bites you.
You die...

######## #......#
#......# ######
#......# ##...<.
#......# ##......
##......# #.......
##.......# #.......
#.B@.b...# #..<....
#####r#......#
#.>.....
##.....#..$...#
#.......
#..#####......#
#.......
#.##.#######.##
#....... ##.##..#
#.# #.......
#####.(##..#### #.#
#.......
..........††...###.#
##.......
(###............##.#
#.†......


You could see a worker ant, a friendly bat (summoned) and a friendly rat
(summoned).

Vanquished Creatures
  A giant cockroach (D:1)
  A hobgoblin (D:2)
  2 bats
  3 frilled lizards
  A rat (D:1)
8 creatures vanquished.

Vanquished Creatures (collateral kills)
  6 goblins
  3 hobgoblins
  4 kobolds
  A bat (D:2)
  2 frilled lizards
  2 rats
18 creatures vanquished.

Grand Total: 26 creatures vanquished

Notes
Turn   | Place    | Note
-------+----------+-------------------------------------------
     0 | D:1      | jestyr24 the Human Summoner began the quest for the Orb.
     0 | D:1      | Reached XP level 1. HP: 13/13 MP: 3/3
   357 | D:1      | Reached XP level 2. HP: 1/19 MP: 3/5
  1383 | D:2      | Learned a level 2 spell: Call Imp
  1422 | D:2      | Reached XP level 3. HP: 21/24 MP: 6/6
  1480 | D:2      | Slain by a worker ant

Illustrated notes

Levels and vault maps discovered:
D:1:      scummos_arrival_star, layout_basic
D:2:      layout_rooms, minmay_fractal_squares_gapless_5

Action                   || total
-------------------------++-------
Melee: Short sword       ||    62
 Cast: Summon Small Mamm ||    21
  Use: Scroll            ||     1
 Stab: Sleeping          ||     1
Armor: Robe              ||    17
Dodge: Dodged            ||    49

Table legend: (Time is in decaauts)
 A = Elapsed time spent in this place.
 B = Non-inter-level travel time spent in this place.
 C = Inter-level travel time spent in this place.
 D = Time resting spent in this place.
 E = Time spent auto-exploring this place.
 F = Levels seen in this place.
 G = Mean time per level.
                   A        B        C        D        E       F      G
               +--------+--------+--------+--------+--------+-----+--------+
         Total |   1485 |   1485 |      0 |    571 |    504 |   2 |  742.5 |
       Dungeon |   1485 |   1485 |      0 |    571 |    504 |   2 |  742.5 |
               +--------+--------+--------+--------+--------+-----+--------+

Top non-repeatable levels by time:
     D:1: 1344 daAuts
     D:2: 141 daAuts
